 Dungeon Crawl Stone Soup version 0.19.1-1-g22dce08 (webtiles) character file.

4448 esteth the Cleaver (level 10, -8/76 HPs)
             Began as a Formicid Fighter on Jan 3, 2017.
             Was a Believer of Makhleb.
             Mangled by Gastronok (19 damage)
             ... on level 8 of the Dungeon.
             The game lasted 00:18:00 (8336 turns).

esteth the Cleaver (Formicid Fighter)               Turns: 8336, Time: 00:18:00

Health: -8/76      AC: 16    Str: 24    XL:     10   Next: 63%
Magic:  14/14      EV:  5    Int:  8    God:    Makhleb [**....]
Gold:   340        SH: 10    Dex: 15    Spells: 0 memorised, 9 levels left

rFire  . . .     SeeInvis +     g - +1 war axe (venom)
rCold  . . .     Gourm    .     A - +2 plate armour
rNeg   . . .     Faith    .     c - +0 shield
rPois  .         Spirit   .     (helmet unavailable)
rElec  .         Reflect  .     (no cloak)
rCorr  .         Harm     .     (no gloves)
MR     +....                    (no boots)
Stlth  ..........               (no amulet)
                                p - +5 ring of dexterity
                                w - ring of wizardry

@: no status effects
A: permanent stasis, dig shafts and tunnels, four strong arms, antennae 3
a: Dig, Shaft Self, Minor Destruction, Renounce Religion


You were on level 8 of the Dungeon.
You worshipped Makhleb.
Makhleb was pleased with you.
You were not hungry.

You visited 2 branches of the dungeon, and saw 9 of its levels.
You also visited: Ossuary.

You collected 340 gold pieces.

Inventory:

Hand Weapons
 g - a +1 war axe of venom (weapon)
 G - a +1 glaive
Missiles
 K - 3 tomahawks (quivered)
Armour
 b - a +0 scale mail
 c - a +0 shield (worn)
 A - a +2 plate armour (worn)
Jewellery
 o - an uncursed ring of see invisible
 p - a +5 ring of dexterity (right hand)
 w - a ring of wizardry (left hand)
 F - an uncursed ring of wizardry
Wands
 z - a wand of polymorph (6/24)
 J - a wand of flame (35/48)
Scrolls
 l - 2 scrolls of magic mapping
 m - 2 scrolls of fog
 r - 4 scrolls of remove curse
 t - 3 scrolls of identify
Potions
 d - a potion of might
 e - a potion of curing
 h - 4 potions of haste {unknown}
 k - a potion of cure mutation {unknown}
 q - 2 potions of flight {unknown}
 s - a potion of mutation {unknown}
 C - a potion of beneficial mutation {unknown}
 L - a potion of agility {unknown}
Books
 u - a book of Changes

   Spells                             Type                      Level
   a - Beastly Appendage              Transmutation                1
   b - Sticks to Snakes               Transmutation                2
   c - Spider Form                    Transmutation/Poison         3
   d - Ice Form                       Ice/Transmutation            4
   e - Blade Hands                    Transmutation                5
 v - a book of Maledictions

   Spells                             Type                      Level
   a - Corona                         Hexes                        1
   b - Ensorcelled Hibernation        Hexes/Ice                    2
   c - Confuse                        Hexes                        3
   d - Tukima's Dance                 Hexes                        3
   e - Dazzling Spray                 Conjuration/Hexes            3
 x - a book of Necromancy

   Spells                             Type                      Level
   a - Pain                           Necromancy                   1
   b - Animate Skeleton               Necromancy                   1
   c - Vampiric Draining              Necromancy                   3
   d - Regeneration                   Charms/Necromancy            3
   e - Animate Dead                   Necromancy                   4
   f - Control Undead                 Necromancy                   4
 y - a book of Misfortune

   Spells                             Type                      Level
   a - Confusing Touch                Hexes                        1
   b - Confuse                        Hexes                        3
   c - Gell's Gravitas                Hexes/Translocation          3
   d - Petrify                        Transmutation/Earth          4
   e - Metabolic Englaciation         Hexes/Ice                    5
   f - Yara's Violent Unravelling     Hexes/Transmutation          5
 E - a book of Air

   Spells                             Type                      Level
   a - Shock                          Conjuration/Air              1
   b - Swiftness                      Charms/Air                   2
   c - Repel Missiles                 Charms/Air                   2
   d - Static Discharge               Conjuration/Air              3
   e - Lightning Bolt                 Conjuration/Air              5
Comestibles
 a - 10 fruits
 f - 5 bread rations
 j - 2 meat rations


   Skills:
 - Level 5.6 Fighting
 + Level 10.8 Axes
 - Level 9.2 Armour
 - Level 3.6 Shields
 - Level 5.8 Invocations


You had 9 spell levels left.
You didn't know any spells.

Dungeon Overview and Level Annotations

Branches:
Dungeon (8/15)             Temple (1/1) D:5
   Lair: D:8-11

Altars:
Ashenzari
Cheibriados
Dithmenos
Elyvilon
Fedhas
Gozag
Hepliaklqana
Kikubaaqudgha
Makhleb
Nemelex Xobeh
Okawaru
Qazlal
Ru
Sif Muna
Trog
Uskayaw
Vehumet
Xom
Yredelemnul
Zin
The Shining One

Shops:
D:7 *   D:8 :

Annotations:
D:8 Gastronok


Innate Abilities, Weirdness & Mutations

You are under a permanent stasis effect.
You can dig through walls and to a lower floor.
Your four strong arms can wield two-handed weapons with a shield.
You have a pair of large antennae on your head. (SInv)


Message History

The air twists around and strikes you!
You slash Gastronok!
Gastronok is poisoned.
Gastronok is lightly wounded.
You hit Gastronok but do no damage.
Gastronok looks as sick as possible!
Gastronok is lightly wounded.
Gastronok bites you!!
You slash Gastronok!
Gastronok looks as sick as possible!
Gastronok is lightly wounded.
You slash Gastronok!
Gastronok looks as sick as possible!
Gastronok is moderately wounded.
Gastronok bites you!!
* * * LOW HITPOINT WARNING * * *
All of the chunks of flesh in your inventory have rotted away.
You are too injured to fight recklessly!
You hit Gastronok but do no damage.
Gastronok looks as sick as possible!
Gastronok is moderately wounded.
You slash Gastronok!
Gastronok is heavily wounded.
Gastronok bites you!!
You die...

#................#.......
####................#.###'##
#...............#######.....
#...............# #.....
#...............# #..†..
#...............# #.....
#...............# #.....
#...............# #.....
#..........@w...# #.....
#...............# #.....
#.?.............# #.....
################# ######


You could see Gastronok.

Vanquished Creatures
  Joseph (D:8)
  A hippogriff (D:8)
  A wyvern (D:8)
  Grum (D:8)
  Menkaure (D:5)
  Edmund (D:5)
  2 black bears
  An orc warrior (D:7)
  The ghost of Atash the Chopper, an amateur MiBe of Trog (D:3)
  A sky beast (D:8)
  An ice beast (D:6)
  6 ogres
  4 centaurs
  2 wolves (D:8)
  2 scorpions
  6 killer bees (D:7)
  3 wights (D:7)
  A jelly (D:8)
  5 crimson imps
  A bullfrog zombie (Ossuary)
  2 hounds
  9 orc priests
  A gnoll shaman (D:4)
  A centaur skeleton (D:8)
  3 iguanas
  11 orc wizards
  6 worker ants
  3 hound skeletons (D:5)
  2 mummies (Ossuary)
  8 gnolls
  10 adders
  A shadow imp (D:6)
  An ooze (D:2)
  2 worms (D:2)
  2 dart slugs
  3 leopard geckos
  30 orcs
  9 bats
  7 giant cockroaches
  7 goblins
  10 hobgoblins
  5 jackals
  8 quokkas
  A ball python (D:7)
  4 frilled lizards
  2 goblin zombies (D:4)
  A jackal skeleton (D:3)
  5 kobolds
  9 rats
205 creatures vanquished.

Vanquished Creatures (others)
  2 withered plants (Ossuary)
2 creatures vanquished.

Grand Total: 207 creatures vanquished

Notes
Turn   | Place    | Note
-------+----------+-------------------------------------------
     0 | D:1      | esteth the Formicid Fighter began the quest for the Orb.
     0 | D:1      | Reached XP level 1. HP: 18/18 MP: 1/1
    85 | D:1      | Reached XP level 2. HP: 19/24 MP: 2/2
    92 | D:1      | Reached skill level 3 in Axes
   368 | D:1      | Reached XP level 3. HP: 29/29 MP: 3/3
  1115 | D:2      | Reached XP level 4. HP: 35/35 MP: 4/4
  1128 | D:2      | Reached skill level 4 in Axes
  1395 | D:3      | Noticed Atash's ghost (amateur MiBe)
  1886 | D:3      | Killed Atash's ghost
  1886 | D:3      | Reached skill level 5 in Axes
  1886 | D:3      | Reached XP level 5. HP: 28/41 MP: 5/5
  2215 | D:3      | Found a glowing golden altar of the Shining One.
  2517 | D:4      | Found a sand-covered staircase.
  2525 | Ossuary  | Entered an ossuary
  2538 | Ossuary  | Reached XP level 6. HP: 48/48 MP: 6/6
  2853 | D:4      | Noticed an ogre
  2907 | D:4      | Killed an ogre
  2907 | D:4      | Reached skill level 5 in Fighting
  2912 | D:4      | Reached XP level 7. HP: 46/57 MP: 7/7
  3287 | D:4      | Reached skill level 5 in Armour
  3304 | D:4      | Found a shattered altar of Ashenzari.
  3823 | D:4      | Reached XP level 8. HP: 64/64 MP: 8/8
  3839 | D:5      | Entered Level 5 of the Dungeon
  3974 | D:5      | Noticed Edmund
  3977 | D:5      | Noticed Menkaure
  3984 | D:5      | Killed Edmund
  4295 | D:5      | Killed Menkaure
  4915 | D:5      | Found a staircase to the Ecumenical Temple.
  4924 | Temple   | Entered the Ecumenical Temple
  5044 | Temple   | Became a worshipper of Makhleb the Destroyer
  5311 | D:5      | Reached XP level 9. HP: 69/69 MP: 9/9
  5387 | D:5      | You fall through a shaft!
  5390 | D:6      | Reached skill level 6 in Axes
  5780 | D:5      | Found a glowing silver altar of Zin.
  5831 | D:5      | Reached * piety under Makhleb
  5977 | D:6      | Reached skill level 7 in Axes
  6012 | D:6      | Found an ancient bone altar of Kikubaaqudgha.
  6275 | D:6      | Found a deep blue altar of Sif Muna.
  6368 | D:7      | Reached skill level 8 in Axes
  6602 | D:7      | Found Citogul's General Store.
  6728 | D:7      | Reached skill level 9 in Axes
  7234 | D:7      | Found a shadowy altar of Dithmenos.
  7257 | D:8      | Reached XP level 10. HP: 75/76 MP: 10/10
  7283 | D:8      | Noticed Grum
  7284 | D:8      | Noticed Joseph
  7292 | D:8      | Killed Grum
  7306 | D:8      | Killed Joseph
  7306 | D:8      | Reached skill level 5 in Invocations
  7682 | D:8      | Reached skill level 10 in Axes
  7730 | D:8      | Reached ** piety under Makhleb
  7936 | D:8      | Found Sosur's Book Shop.
  8326 | D:8      | Noticed Gastronok
  8336 | D:8      | Mangled by Gastronok

Skill      XL: |  1  2  3  4  5  6  7  8  9 10 |
---------------+-------------------------------+-----
Axes           | 3 5 9 10 | 10.8
Fighting       | 4 5 |  5.6
Armour         | 6 9 |  9.2
Invocations    | 5 |  5.8
Shields        | |  3.6

Action                   |  1- 3 |  4- 6 |  7- 9 | 10-12 || total
-------------------------+-------+-------+-------+-------++-------
Melee: War axe           |   126 |   112 |   298 |   107 ||   643
  Use: Scroll            |     7 |       |       |    11 ||    18
       Potion            |       |     1 |     2 |     1 ||     4
  Eat: Chunk             |     1 |     5 |    10 |     3 ||    19
       Bread ration      |       |       |     1 |       ||     1
       Fruit             |       |       |     1 |       ||     1
Armor: Scale mail        |    74 |    34 |    80 |       ||   188
       Plate armour      |       |       |    46 |    65 ||   111
Dodge: Dodged            |    35 |    43 |    81 |    24 ||   183
Block: Shield            |    68 |    52 |   182 |    68 ||   370
